 Dungeon Crawl Stone Soup version 0.25-a0-663-gace7076 (webtiles) character file.

Game seed: 12205488180405190066, levelgen mode: deterministic

58 BlueFish the Slasher (level 3, -1/28 HPs)
             Began as a Demonspawn Gladiator on Mar 24, 2020.
             Slain by a gnoll
             ... wielding a +0 halberd
              (8 damage)
             ... on level 2 of the Dungeon.
             The game lasted 00:02:46 (1355 turns).

BlueFish the Slasher (Demonspawn Gladiator)         Turns: 1355, Time: 00:02:46

Health: -1/28      AC:  3    Str: 15    XL:     3   Next: 76%
Magic:  3/3        EV: 13    Int:  9    God:
Gold:   69         SH:  0    Dex: 14    Spells: 2/2 levels left

rFire    . . .     SeeInvis .   a - +0 long sword
rCold    . . .     Gourm    .   (no shield)
rNeg     . . .     Faith    .   b - +0 leather armour
rPois    .         Spirit   .   (helmet restricted)
rElec    .         Reflect  .   (no cloak)
rCorr    .         Harm     .   (no gloves)
MR       .....                  (no boots)
Stlth    +.........             (no amulet)
HPRegen  0.09/turn              (no ring)
MPRegen  0.08/turn              (no ring)

@: no status effects
A: horns 1, powered by pain 1
a: no special abilities


You were on level 2 of the Dungeon.
You were hungry.

You visited 1 branch of the dungeon, and saw 2 of its levels.

You collected 69 gold pieces.

Inventory:

Hand Weapons
 a - a +0 long sword (weapon)
Missiles
 d - 3 throwing nets (quivered)
Armour
 b - a +0 leather armour (worn)
 c - a +0 helmet
Scrolls
 e - a scroll of random uselessness {unknown}
Potions
 i - a potion of curing {unknown}
 k - a potion of degeneration {unknown}
Comestibles
 f - a ration
 g - 5 chunks of flesh


   Skills:
 * Level 2.7 Fighting
 + Level 3.3 Long Blades
 + Level 1.9 Throwing
 + Level 0.2 Armour
 + Level 3.2 Dodging


You had 2 spell levels left.
You didn't know any spells.
Your spell library was empty.

Dungeon Overview and Level Annotations

Branches:
Dungeon (2/15)

Altars:
Yredelemnul


Innate Abilities, Weirdness & Mutations

You have a pair of small horns on your head.
You sometimes gain a little power by taking damage.


Message History

The kobold throws a stone.
The stone misses you.
The stone barely misses the gnoll.
A goblin comes into view. It is wielding a +0 club.
The goblin shouts!
The kobold throws a stone.
The stone hits you but does no damage.
You see here a stone.
The kobold misses you.
The kobold throws a stone.
The stone hits you but does no damage.
A goblin comes into view.
The goblin shouts!
You hear an angry hiss.
Found 15 sling bullets.
An adder comes into view.
The adder hisses angrily.
The kobold throws a stone.
The stone hits you.
* * * LOW HITPOINT WARNING * * *
You see here a stone.
You are feeling hungry.
There is a stone staircase leading up here.
The gnoll hits you from afar with a +0 halberd!
You die...

.# ## ##### #.###..
#..@# #.#...# #g###
#.#.#.# #...# ......#
##.###g#####.P.P.###
...Sg..gK...g.._.....
........r.g...P.P....
.#(#.########(....##
# #. ######.##..... #
##....#.# ####


You could see a gnoll.

Vanquished Creatures
  An adder (D:2)
  A gnoll (D:1)
  A worm (D:2)
  A dart slug (D:1)
  A leopard gecko (D:1)
  2 bats (D:1)
  2 giant cockroaches (D:1)
  6 hobgoblins (D:1)
  4 jackals
  5 frilled lizards
  3 goblins (D:1)
  5 kobolds (D:1)
  2 rats (D:1)
34 creatures vanquished.

Notes
Turn   | Place    | Note
-------+----------+-------------------------------------------
     0 | D:1      | BlueFish the Demonspawn Gladiator began the quest for the
                  | Orb.
     0 | D:1      | Reached XP level 1. HP: 16/16 MP: 1/1
    93 | D:1      | Gained mutation: You sometimes gain a little power by
                  | taking damage. [demonic ancestry]
    93 | D:1      | Reached XP level 2. HP: 10/22 MP: 2/2
   316 | D:1      | Gained mutation: You have a pair of small horns on your
                  | head. [demonic ancestry]
   316 | D:1      | Reached XP level 3. HP: 28/28 MP: 3/3
  1341 | D:2      | Found a basalt altar of Yredelemnul.
  1355 | D:2      | Slain by a gnoll

Levels and vault maps discovered:
D:1:      co_arrival_random_square_maze, layout_basic, kennysheep_doodads
D:2:      layout_basic, yredelemnul_altar_generic

Skill      XL: |  1  2 |
---------------+-------+-----
Long Blades    | 3 |  3.3
Dodging        | 3 |  3.2
Fighting       | |  2.7
Throwing       | |  1.9
Armour         | |  0.2

Action                   || total
-------------------------++-------
Melee: Long sword        ||    76
       Headbutt          ||     6
  Use: Scroll            ||     3
  Eat: Chunk             ||     1
Armor: Leather armour    ||    13
Dodge: Dodged            ||    70
       Rpst.: Long sword ||    21

Table legend:
 A = Non-vault XP
 B = Vault XP
 C = Vault XP percentage of total XP
 D = Non-vault monster count
 E = Vault monster count
 F = Vault count percentage of total count
                 A         B        C        D         E       F
            +---------+---------+-------+---------+---------+-------
      Total |      84 |       0 |   0.0 |      34 |       0 |   0.0
            +---------+---------+-------+---------+---------+-------
        D:1 |      59 |       0 |   0.0 |      28 |       0 |   0.0
        D:2 |      25 |       0 |   0.0 |       6 |       0 |   0.0
            +---------+---------+-------+---------+---------+-------
